 Dungeon Crawl Stone Soup version 0.32-a0-42-ga30500b4d3 (webtiles) character file.

Game seed: 410558293031528621

163 iamserjio the Gusty (level 5, -1/28 HPs)
             Began as a Tengu Air Elementalist on Feb 3, 2024.
             Killed by their own static electricity (2 damage)
             ... on level 5 of the Dungeon.
             The game lasted 00:06:07 (812 turns).

iamserjio the Gusty (Tengu Air Elementalist)         Turns: 812, Time: 00:06:08

Health: -1/28      AC:  2    Str:  9    XL:     5   Next: 44%
Magic:  4/10       EV: 12    Int: 17    God:
Gold:   51         SH:  0    Dex: 14    Spells: 4/10 levels left

rFire   . . .        m - staff of alchemy
rCold   . . .        (no shield)
rNeg    . . .        a - +0 robe
rPois   +            (helmet restricted)
rElec   .            (no cloak)
rCorr   .            (no gloves)
SInv    .            (boots unavailable)
Will    .....        (no amulet)
Stlth   ++           (no ring)
HPRegen 0.24/turn    (no ring)
MPRegen 0.12/turn

%: acrobat
@: no status effects
A: beak, talons 3, acrobatic
a: no special abilities


You were on level 5 of the Dungeon.
You visited 1 branch of the dungeon, and saw 5 of its levels.

You collected 51 gold pieces.

Inventory:

Hand Weapons
 j - a +0 dagger
Missiles
 q - a throwing net {!f}
Armour
 a - a +0 robe (worn)
Magical Staves
 m - a staff of alchemy (weapon)
Wands
 o - a wand of light (2)
Scrolls
 e - a scroll of amnesia {unknown}
 f - 2 scrolls of immolation {unknown}
 k - a scroll of fog {unknown}
 n - a scroll of blinking {unknown}
Potions
 b - a potion of magic
 c - a potion of curing {unknown}
 d - a potion of mutation {unknown}
 g - a potion of lignification {unknown}
 h - a potion of heal wounds {unknown}
 i - 2 potions of enlightenment {unknown}
 l - a potion of ambrosia {unknown}
 p - a potion of brilliance {unknown}


   Skills:
 - Level 2.1 Dodging
 - Level 2.0 Stealth
 + Level 3.3 Spellcasting
 + Level 3.7 Conjurations
 + Level 5.4 Air Magic
 - Level 1.0 Alchemy


You had 4 spell levels left.
You knew the following spells:

 Your Spells              Type           Power      Damage    Failure   Level
a - Shock                 Conj/Air       72%        1d7       2%          1
b - Static Discharge      Conj/Air       36%        3-5/arc   3%          2
c - Mephitic Cloud        Conj/Alch/Air  21%        N/A       13%         3

Your spell library contained the following spells:

 Spells                   Type           Power      Damage    Failure   Level
 Swiftness                Air            21%        N/A       5%          3
 Airstrike                Air            10%        2d(2-18)  19%         4
 Dazzling Flash           Conj/Hex       18%        N/A       24%         3
 Silence                  Hex/Air        6%         N/A       83%         5
 Curse of Agony           Necr           2%         N/A       99%         5


Dungeon Overview and Level Annotations

Branches:
Dungeon (5/15) Zot: 26934
 Temple: D:4-7

Altars:

Shops:
D:1 !*!*

Annotations:
D:3 Ijyb
D:4 Pikel
D:5 3 runed translucent doors, Bard227's ghost, amateur MiFi


Innate Abilities, Weirdness & Mutations

You have a beak for a mouth.
You have claws for feet.
You can magically evade attacks while moving or waiting.


Message History

You kill the gnoll!
The zap hits the gnoll.
An ufetubus comes into view.
You closely miss the gnoll. Your peck misses the gnoll.
The gnoll closely misses you.
You barely miss the gnoll. You claw the gnoll.
You peck the gnoll, but do no damage.
An ufetubus comes into view.
The gnoll hits you with a +0 flail.
You closely miss the gnoll. You claw the gnoll, but do no damage.
You peck the gnoll, but do no damage. The gnoll hits you with a +0 flail. x2
* * * LOW HITPOINT WARNING * * *
Aiming: Shock (safe; 2% risk of failure)
Press: ? - help, Q - select action, (/) - cycle Shift-Dir - straight line, f - ufetubus, p - gnoll
Aim: an ufetubus (53% to hit)
The zap misses the gnoll.
The zap hits the ufetubus. x2
The gnoll hits you with a +0 flail.
* * * LOW HITPOINT WARNING * * *
Magic courses through your body. The gnoll hits you with a +0 flail!
* * * LOW HITPOINT WARNING * * *
Casting: Shock (safe; 2% risk of failure)
The gnoll is struck by an arc of lightning.
The ufetubus is struck by an arc of lightning.
The gnoll is struck by an arc of lightning.
You kill the gnoll!
The lightning grounds out.
The ufetubus slips past you! The ufetubus closely misses you.
The ufetubus hits you.
* * * LOW HITPOINT WARNING * * *
Casting: Static Discharge (safe; 4% risk of failure)
The ufetubus is struck by an arc of lightning.
You kill the ufetubus!
You are struck by an arc of lightning.
* * * LOW HITPOINT WARNING * * *
Training target 1.0 for Alchemy reached!
Your Alchemy skill increases to level 1!
Casting: Static Discharge (safe; 3% risk of failure)
The ufetubus is struck by an arc of lightning.
You kill the ufetubus!
You are struck by an arc of lightning.
You die...

........# ..
.......## #.#
......## .. 5
####..## ##.# .
##..### #..# .#
###..## ##..# #.#
##..###..## #..#
##..#....######)).
##...##.@$##..#
#.#######...# #.#
##.## ..# #.# ###.
### . #


There were no monsters in sight!

Vanquished Creatures
  A gnoll bouda (D:5)
  A hound (D:4)
  An adder (D:4)
  4 gnolls (D:5)
  2 ufetubi (D:5)
  A dart slug (D:1)
  A ribbon worm (D:4)
  5 orcs (D:4)
  5 endoplasms (D:1)
  A giant cockroach (D:1)
  8 hobgoblins
  3 ball pythons
  A bat (D:2)
  2 frilled lizards (D:1)
  6 goblins
  3 kobolds
45 creatures vanquished.

Notes
Turn   | Place    | Note
-------+----------+-------------------------------------------
     0 | D:1      | iamserjio the Tengu Air Elementalist began the quest for
                  | the Orb.
     0 | D:1      | Reached XP level 1. HP: 10/10 MP: 4/4
    11 | D:1      | Found Wuadit's Assorted Antiques.
   119 | D:3      | Noticed Ijyb
   134 | D:2      | Reached XP level 2. HP: 6/15 MP: 0/6
   189 | D:1      | Found Hirokang's Distillery.
   202 | D:1      | Found Zaotylol's Assorted Antiques.
   268 | D:2      | Learned a level 2 spell: Static Discharge
   327 | D:2      | Reached XP level 3. HP: 10/19 MP: 1/7
   371 | D:1      | Found Ysolog's Distillery.
   599 | D:4      | Noticed Pikel
   599 | D:4      | Noticed a lemure
   599 | D:4      | Noticed a lemure
   600 | D:4      | Noticed a lemure
   631 | D:4      | Reached XP level 4. HP: 24/24 MP: 4/9
   686 | D:4      | Reached skill level 5 in Air Magic
   716 | D:4      | Learned a level 3 spell: Mephitic Cloud
   747 | D:5      | Entered Level 5 of the Dungeon
   749 | D:5      | Found a runed translucent gate.
   749 | D:5      | Found a runed translucent gate.
   749 | D:5      | Found a runed translucent gate.
   750 | D:5      | Noticed Bard227's ghost (amateur MiFi)
   800 | D:5      | Reached XP level 5. HP: 28/28 MP: 1/10
   811 | D:5      | HP: 1/28 [/static electricity (1)]
   812 | D:5      | Reached skill level 1 in Alchemy
   812 | D:5      | Killed from afar by themself

Illustrated notes

Levels and vault maps discovered:
D:1:      lightli_arrival_statue_moat, layout_rooms, serial_curves,
          eino_curves_01, eino_curves_01, eino_curves_04, eino_curves_02,
          ebering_ecumenical_altar_sacrificial, serial_shops,
          nicolae_shop_gibbet_a_chance, nicolae_shop_just_a_little_nook,
          nicolae_shop_just_a_little_nook, nicolae_shop_statue_plus
D:2:      layout_loops_corners
D:3:      layout_loops_corners, uniq_crazy_yiuf_cottage, uniq_ijyb,
          uniq_sigmund, uniq_jessica
D:4:      layout_loops_ring, chequers_temple_overflow_minitemple,
          nicolae_custom_books, grunt_ministairs_2, uniq_pikel, uniq_duvessa,
          uniq_eustachio
D:5:      layout_layer_cave, nicolae_overflow_crystal_walls,
          gammafunk_ghost_necromancy, uniq_menkaure

Skill      XL: |  1  2  3  4  5 |
---------------+----------------+-----
Conjurations   | 2 3 |  3.7
Air Magic      | 5 |  5.4
Spellcasting   | 3 |  3.3
Alchemy        | 1 |  1.0
Dodging        | |  2.1
Stealth        | |  2.0

Action                     |  1- 3 |  4- 6 || total
---------------------------+-------+-------++-------
  Melee: Unarmed           |    30 |       ||    30
         Peck              |     5 |     4 ||     9
         Kick              |     6 |     4 ||    10
         Staff             |       |     8 ||     8
   Cast: Shock             |    40 |    20 ||    60
         Static Discharge  |       |     4 ||     4
  Evoke: Wand              |       |     1 ||     1
    Use: Potion            |       |     1 ||     1
   Stab: Sleeping          |     2 |       ||     2
 Armour: Robe              |    14 |    12 ||    26
  Dodge: Dodged            |    30 |     9 ||    39

Table legend: (Time is in decaauts)
 A = Elapsed time spent in this place.
 B = Non-inter-level travel time spent in this place.
 C = Inter-level travel time spent in this place.
 D = Time resting spent in this place.
 E = Time spent auto-exploring this place.
 F = Levels seen in this place.
 G = Mean time per level.
                   A        B        C        D        E       F      G
               +--------+--------+--------+--------+--------+-----+--------+
         Total |    812 |    762 |     50 |      0 |     50 |   5 |  162.4 |
       Dungeon |    812 |    762 |     50 |      0 |     50 |   5 |  162.4 |
               +--------+--------+--------+--------+--------+-----+--------+

Top non-repeatable levels by time:
     D:2: 261 daAuts
     D:1: 233 daAuts
     D:4: 127 daAuts
     D:3: 124 daAuts
     D:5: 65 daAuts
